 Dungeon Crawl Stone Soup version 0.25-a0-614-g73ad250637 (webtiles) character file.

Game seed: 14426857630817953291, levelgen mode: deterministic

17 Lugonue the Vexing (level 2, -1/16 HPs)
             Began as a Kobold Arcane Marksman on Mar 17, 2020.
             Slain by a goblin (2 damage)
             ... on level 1 of the Dungeon.
             The game lasted 00:01:47 (734 turns).

Lugonue the Vexing (Kobold Arcane Marksman)          Turns: 734, Time: 00:01:48

Health: -1/16      AC:  2    Str:  7    XL:     2   Next: 80%
Magic:  3/3        EV: 15    Int: 14    God:
Gold:   9          SH:  0    Dex: 15    Spells: 2/3 levels left

rFire    . . .     SeeInvis .   b - +0 dagger
rCold    . . .     Gourm    .   (shield restricted)
rNeg     . . .     Faith    .   e - +0 robe
rPois    .         Spirit   .   (no helmet)
rElec    .         Reflect  .   (no cloak)
rCorr    .         Harm     .   (no gloves)
MR       .....                  (no boots)
Stlth    +.........             (no amulet)
HPRegen  0.05/turn              (no ring)
MPRegen  0.08/turn              (no ring)

@: no status effects
A: small, carnivore
a: no special abilities


You were on level 1 of the Dungeon.
You were not hungry.

You visited 1 branch of the dungeon, and saw 1 of its levels.

You collected 9 gold pieces.

Inventory:

Hand Weapons
 a - a +0 shortbow
 b - a +0 dagger (weapon)
Missiles
 d - 12 arrows
Armour
 e - a +0 robe (worn)
Scrolls
 c - a scroll of blinking {unknown}
Potions
 g - a potion of magic {unknown}
 h - 2 potions of mutation {unknown}
Comestibles
 f - 2 rations


   Skills:
 + Level 1.4 Fighting
 + Level 2.7 Bows
 + Level 2.4 Dodging
 + Level 1.1 Spellcasting
 + Level 3.2 Hexes


You had 2 spell levels left.
You knew the following spells:

 Your Spells              Type           Power        Failure   Level  Hunger
a - Corona                Hex            #......      7%          1    ##.....

Your spell library contained the following spells:

 Spells                   Type           Power        Failure   Level  Hunger
 Slow                     Hex            #.......     11%         2    ###....
 Inner Flame              Hex/Fire       #.......     38%         3    ####...
 Portal Projectile        Hex/Tloc       #.....       38%         3    ####...
 Cause Fear               Hex            #.........   56%         4    #####..
 Leda's Liquefaction      Hex/Erth       #.........   80%         4    #####..


Dungeon Overview and Level Annotations

Branches:
Dungeon (1/15)

Altars:


Innate Abilities, Weirdness & Mutations

You are small and have problems with some larger weapons.
You are carnivorous and can eat meat at any time.


Message History

The bat closely misses you.
A frilled lizard comes into view.
The bat closely misses you. The bat hits you. The goblin barely misses you.
The bat barely misses you. The bat misses you.
The goblin hits you but does no damage. The hobgoblin misses you.
The bat barely misses you. The bat closely misses you.
The goblin barely misses you. The hobgoblin barely misses you.
The bat misses you. The goblin hits you but does no damage.
The hobgoblin barely misses you. The bat completely misses you.
The goblin barely misses you. The hobgoblin hits you.
* * * LOW HITPOINT WARNING * * *
The bat barely misses you. The goblin misses you. The hobgoblin misses you.
The bat barely misses you. The goblin hits you.
* * * LOW HITPOINT WARNING * * *
The hobgoblin closely misses you. The bat closely misses you.
The goblin hits you but does no damage. The hobgoblin misses you.
The goblin hits you.
You die...

...... .#...#.###
#.....#.# .#.###
.#.......# ###.#.#.# .
#.#.###.#.# #.......#
........#.#
....#.#.###
#.#.###รท#.# ###.#+#.#
...#.###.#.# # ).. ###
#.......# ....
#####.#.####### .....
......b@gl....##...K..
#####...g......#####
#...#####.. #..## #..
#.. #.. #..


You could see a hobgoblin, a goblin, a bat and a frilled lizard.

Vanquished Creatures
  A dart slug (D:1)
  A goblin (D:1)
  3 hobgoblins (D:1)
  5 bats (D:1)
  A kobold (D:1)
  4 rats (D:1)
15 creatures vanquished.

Notes
Turn   | Place    | Note
-------+----------+-------------------------------------------
     0 | D:1      | Lugonue the Kobold Arcane Marksman began the quest for the
                  | Orb.
     0 | D:1      | Reached XP level 1. HP: 12/12 MP: 2/2
   159 | D:1      | Reached XP level 2. HP: 16/16 MP: 3/3
   734 | D:1      | Slain by a goblin

Levels and vault maps discovered:
D:1:      scummos_arrival_star, layout_basic

Action                   || total
-------------------------++-------
Melee: Unarmed           ||     2
       Dagger            ||    36
 Fire: Shortbow          ||    57
  Eat: Chunk             ||     1
Armor: Robe              ||    19
Dodge: Dodged            ||    90

Table legend:
 A = Non-vault XP
 B = Vault XP
 C = Vault XP percentage of total XP
 D = Non-vault monster count
 E = Vault monster count
 F = Vault count percentage of total count
                 A         B        C        D         E       F
            +---------+---------+-------+---------+---------+-------
      Total |      25 |       0 |   0.0 |      15 |       0 |   0.0
            +---------+---------+-------+---------+---------+-------
        D:1 |      25 |       0 |   0.0 |      15 |       0 |   0.0
            +---------+---------+-------+---------+---------+-------
